 Dungeon Crawl Stone Soup version 0.28-a0-984-g3775c662fe (webtiles) character file.

Game seed: 15750119374014051164

880 oldriver the Thaumaturge (level 7, -1/51 HPs)
             Began as a Purple Draconian Conjurer on Dec 4, 2021.
             Was an Initiate of Vehumet.
             Succumbed to a gnoll's poison
             ... on level 4 of the Dungeon.
             The game lasted 00:07:36 (4775 turns).

oldriver the Thaumaturge (DrCj)                     Turns: 4775, Time: 00:07:37

Health: -1/51      AC:  6    Str: 10    XL:     7   Next: 75%
Magic:  19/19      EV: 16    Int: 26    God:    Vehumet [......]
Gold:   157        SH:  0    Dex:  9    Spells: 6/23 levels left

rFire   . . .      SeeInvis .   i - +1 dagger (elec)
rCold   . . .      Faith    .   (no shield)
rNeg    . . .      Spirit   .   (armour unavailable)
rPois   .          Reflect  .   (helmet restricted)
rElec   .          Harm     .   (no cloak)
rCorr   .          Rampage  .   (no gloves)
Will    +....                   (no boots)
Stlth   ++........              c - amulet of magic regeneration
HPRegen 0.17/turn               l - +6 ring of intelligence
MPRegen 0.56/turn               n - +4 ring of evasion

@: lethally poisoned (-1 -> -10), on berserk cooldown, hasted and slowed
A: breathe power, AC +6, unfitting armour, cold-blooded
a: Breathe Dispelling Energy, Renounce Religion


You were on level 4 of the Dungeon.
You worshipped Vehumet.
Vehumet was noncommittal.
You visited 2 branches of the dungeon, and saw 7 of its levels.

You collected 157 gold pieces.

Inventory:

Hand Weapons
 i - a +1 dagger of electrocution (weapon)
Missiles
 p - a throwing net
Jewellery
 c - an amulet of magic regeneration (around neck)
 l - a +6 ring of intelligence (left hand)
 m - a ring of see invisible
 n - a +4 ring of evasion (right hand)
Scrolls
 a - 4 scrolls of identify {unknown}
 d - a scroll of enchant armour {unknown}
 g - a scroll of vulnerability {unknown}
 j - a scroll of magic mapping {unknown}
 k - a scroll of teleportation
Potions
 e - a potion of flight {unknown}
 f - 2 potions of haste
 h - a potion of invisibility {unknown}
 o - a potion of cancellation {unknown}


   Skills:
 + Level 0.8 Fighting
 + Level 2.6 Dodging
 + Level 2.6 Stealth
 * Level 8.6 Spellcasting
 + Level 5.1 Conjurations


You had 6 spell levels left.
You knew the following spells:

 Your Spells              Type           Power      Damage    Failure   Level
a - Magic Dart            Conj           100%       1d8       1%          1
b - Searing Ray           Conj           76%        2d7       1%          2
c - Iskenderun's Mystic   Conj/Tloc      24%        2d7       19%         4
d - Fulminant Prism       Conj/Hex       12%        3d9       19%         4
e - Slow                  Hex            44%        N/A       5%          1
f - Passwall              Tmut/Erth      9%         N/A       9%          2
g - Stone Arrow           Conj/Erth      48%        3d10      5%          3

Your spell library contained the following spells:

 Spells                   Type           Power      Damage    Failure   Level
 Shock                    Conj/Air       96%        1d9       1%          1
 Sandblast                Erth           22%        2d7       5%          1
 Dazzling Flash           Conj/Hex       48%        N/A       5%          3
 Call Canine Familiar     Summ           11%        N/A       16%         3
 Confusing Touch          Hex            11%        N/A       16%         3
 Gell's Gravitas          Tloc           11%        N/A       16%         3
 Lesser Beckoning         Tloc           11%        N/A       16%         3
 Portal Projectile        Hex/Tloc       22%        N/A       16%         3
 Swiftness                Air            11%        N/A       16%         3
 Teleport Other           Tloc           11%        N/A       16%         3
 Vampiric Draining        Necr           11%        2d6       16%         3
 Airstrike                Air            5%         N/A       47%         4
 Leda's Liquefaction      Hex/Erth       5%         N/A       47%         4


Dungeon Overview and Level Annotations

Branches:
Dungeon (6/15)             Temple (1/1) D:5

Altars:
Dithmenos
Fedhas
Gozag
Kikubaaqudgha
Makhleb
Ru
Trog
Vehumet
Wu Jian

Annotations:
D:3 3 runed translucent doors, Redcow54321's ghost, weakling DgFi


Innate Abilities, Weirdness & Mutations

You can breathe bolts of dispelling energy.
Your rich purple scales are hard. (AC +6)
You cannot fit into any form of body armour.
You are cold-blooded and may be slowed by cold attacks.


Message History

The gnoll hits you from afar with a +0 spear.
Okay, then.
As you read the scroll labelled XIEHOCKEXKA, it crumbles to dust.
You feel strangely unstable.
It was a scroll of teleportation.
You feel very sick.
A gnoll comes into view. It is wielding a +0 spear.
The gnoll hits you from afar with a +0 halberd of venom.
You are lethally poisoned!
The gnoll barely misses you.
Okay, then.
It was a potion of haste.
You feel yourself speed up.
You feel very sick. The gnoll hits you but does no damage.
The gnoll hits you from afar with a +0 halberd of venom!
* * * LOW HITPOINT WARNING * * *
The gnoll closely misses you.
It was a potion of berserk rage.
A red film seems to cover your vision as you go berserk!
You feel yourself moving faster!
You feel mighty!
* * * LOW HITPOINT WARNING * * *
You feel sick.
You rip the net and break free!
You feel a strong urge to attack something.
Your surroundings suddenly seem different.
* * * LOW HITPOINT WARNING * * *
You feel very sick.
You are too berserk!
* * * LOW HITPOINT WARNING * * *
You feel sick.
You are too berserk!
You are too berserk!
Unknown command.
You feel your anger nearly subside.
* * * LOW HITPOINT WARNING * * *
You feel sick.
Okay, then.
You are no longer berserk.
You are exhausted.
You feel yourself slow down.
You die...

....#########################...#
.....>............).......(.'...'
###.#.)..............########...#
#.#.##############.# #...#
#.#.#........# #.# #...#
#.#..........#####.# #...#
#.#.#...........##.# #####
#...####...##...##.###### ###.#
#...##.@.##......# # #.#
#(..##...##..###.#.# #.#
#...##...##..........#.# #.#
#...##.).##......###.... #####+#
#...##...###.....# #####
.......###...##...#<.....########
.......'.'...''...'..............
.......###...##...###...........#
....... #...###### #..#.######.#


There were no monsters in sight!

Vanquished Creatures
  An ice beast (D:4)
  2 necrophages (D:5)
  A phantom (D:4)
  Blork the orc (D:5)
  A scorpion (D:5)
  A centaur zombie (D:3)
  A centaur skeleton (D:6)
  Jessica (D:2)
  Natasha (thrice) (D:2)
  9 adders
  7 gnolls
  A white imp (D:5)
  A worm (D:2)
  2 dart slugs
  9 orcs
  13 endoplasms
  5 giant cockroaches
  6 hobgoblins
  4 jackals (D:4)
  4 quokkas
  11 ball pythons
  4 bats
  4 frilled lizards
  7 goblins
  6 kobolds
  6 rats
111 creatures vanquished.

Vanquished Creatures (others)
  2 fungi (D:1)
2 creatures vanquished.

Grand Total: 113 creatures vanquished

Notes
Turn   | Place    | Note
-------+----------+-------------------------------------------
     0 | D:1      | oldriver the Draconian Conjurer began the quest for the
                  | Orb.
     0 | D:1      | Reached XP level 1. HP: 14/14 MP: 3/3
   421 | D:1      | Reached XP level 2. HP: 20/20 MP: 3/5
   618 | D:1      | Found a faded altar of an unknown god.
   858 | D:1      | Reached skill level 3 in Spellcasting
  1262 | D:2      | Reached XP level 3. HP: 26/26 MP: 0/7
  1333 | D:2      | Found an opulent altar of Gozag.
  1360 | D:2      | Noticed Natasha
  1382 | D:2      | Killed Natasha
  1656 | D:2      | Reached skill level 4 in Spellcasting
  1656 | D:2      | Reached XP level 4. HP: 18/34 MP: 5/10
  1864 | D:2      | Noticed Jessica
  1866 | D:2      | Killed Jessica
  1889 | D:2      | Learned a level 2 spell: Searing Ray
  2093 | D:2      | Reached XP level 5. HP: 27/39 MP: 6/11
  2284 | D:2      | Noticed Natasha
  2288 | D:2      | Killed Natasha
  2309 | D:2      | Noticed Natasha
  2318 | D:2      | Killed Natasha
  2319 | D:2      | Reached skill level 5 in Spellcasting
  2334 | D:2      | Learned a level 4 spell: Iskenderun's Mystic Blast
  2339 | D:2      | Learned a level 4 spell: Fulminant Prism
  2579 | D:3      | Noticed Redcow54321's ghost (weakling DgFi)
  2636 | D:3      | Reached XP level 6. HP: 40/46 MP: 12/14
  2934 | D:3      | Found a runed translucent gate.
  2934 | D:3      | Found a runed translucent gate.
  2934 | D:3      | Found a runed translucent gate.
  3504 | D:4      | You fall into a shaft and drop 2 floors!
  3527 | D:5      | Entered Level 5 of the Dungeon
  3890 | D:5      | Reached skill level 6 in Spellcasting
  3981 | D:5      | Noticed Blork the orc
  3987 | D:5      | Killed Blork the orc
  3988 | D:5      | Your scales start taking on a rich purple colour.
  3988 | D:5      | Reached skill level 7 in Spellcasting
  3988 | D:5      | Reached XP level 7. HP: 51/51 MP: 13/18
  4069 | D:5      | Found a staircase to the Ecumenical Temple.
  4124 | D:5      | Reached skill level 8 in Spellcasting
  4155 | Temple   | Entered the Ecumenical Temple
  4213 | Temple   | Became a worshipper of Vehumet
  4425 | D:4      | Reached skill level 5 in Conjurations
  4648 | D:4      | Learned a level 1 spell: Slow
  4651 | D:4      | Learned a level 2 spell: Passwall
  4655 | D:4      | Learned a level 3 spell: Stone Arrow
  4773 | D:4      | HP: 3/76 [poisoned by a gnoll]
  4775 | D:4      | Succumbed to a gnoll's poison

Illustrated notes

Levels and vault maps discovered:
D:1:      dpeg_arrival_prison, layout_loops_ring,
          shapermc_ecumenical_altar_mp_highgroup, minivault_24
D:2:      minmay_spotlight, layout_basic, basic_altar, uniq_jessica,
          uniq_natasha
D:3:      layout_loops_ring, gammafunk_ghost_icy
D:4:      lemuel_castle_with_subvaults [lemuel_castle_interior_carwin_1],
          layout_basic, ebering_ghost_rock_garden
D:5:      nicolae_cairo_tiling_very_big, layout_basic,
          minmay_temple_entry_fiery, uniq_blork_the_orc
D:6:      layout_basic, uniq_sigmund, uniq_grinder
Temple:   roderic_octagonal_lattice_temple

Skill      XL: |  1  2  3  4  5  6  7 |
---------------+----------------------+-----
Spellcasting   | 3 4 5 7 8 |  8.6
Stealth        | 2 |  2.6
Dodging        | 2 |  2.6
Conjurations   | 5 |  5.1
Fighting       | |  0.8

Action                   |  1- 3 |  4- 6 |  7- 9 || total
-------------------------+-------+-------+-------++-------
Melee: Unarmed           |    24 |       |       ||    24
       Tailslap          |     1 |       |       ||     1
       Dagger            |       |     2 |     3 ||     5
 Cast: Magic Dart        |    97 |   133 |    19 ||   249
       Searing Ray       |       |     9 |    11 ||    20
  Use: Potion            |       |       |     2 ||     2
       Scroll            |       |       |     1 ||     1
Armor: Skin              |    11 |    23 |     8 ||    42
Dodge: Dodged            |    28 |    36 |    16 ||    80

Table legend: (Time is in decaauts)
 A = Elapsed time spent in this place.
 B = Non-inter-level travel time spent in this place.
 C = Inter-level travel time spent in this place.
 D = Time resting spent in this place.
 E = Time spent auto-exploring this place.
 F = Levels seen in this place.
 G = Mean time per level.
                   A        B        C        D        E       F      G
               +--------+--------+--------+--------+--------+-----+--------+
         Total |   4773 |   4501 |    272 |    338 |   3388 |   7 |  681.9 |
       Dungeon |   4640 |   4394 |    246 |    338 |   3292 |   6 |  773.3 |
        Temple |    132 |    106 |     26 |      0 |     96 |   1 |  132.0 |
               +--------+--------+--------+--------+--------+-----+--------+

Top non-repeatable levels by time:
     D:2: 1306 daAuts
     D:1: 1255 daAuts
     D:3: 985 daAuts
     D:5: 682 daAuts
     D:4: 388 daAuts
  Temple: 132 daAuts
     D:6: 22 daAuts
